 Dungeon Crawl Stone Soup version 0.29.1-12-g30fa7ad0bf (webtiles) character file.

Game seed: 1492846518938971289

6637 LustLizard the Skirmisher (level 10, 0/46 HPs)
             Began as a Spriggan Hunter on Dec 31, 2022.
             Was an Elder of Dithmenos.
             Slain by a sixfirhy (12 damage)
             ... on level 1 of the Abyss.
             The game lasted 00:22:59 (11264 turns).

LustLizard the Skirmisher (Spriggan Hunter)        Turns: 11264, Time: 00:22:59

Health: 0/46       AC:  5    Str:  7    XL:     10   Next: 72%
Magic:  16/16      EV: 27    Int: 10    God:    Dithmenos [****..]
Gold:   32         SH:  0    Dex: 30    Spells: 9/9 levels left

rFire   . . .      SeeInvis +   a - +0 shortbow
rCold   . . .      Faith    .   (shield currently unavailable)
rNeg    . . .      Spirit   .   D - +0 troll leather armour
rPois   .          Reflect  .   (helmet restricted)
rElec   .          Harm     .   x - +0 cloak
rCorr   .          Rampage  .   (gloves unavailable)
Will    +....                   (boots unavailable)
Stlth   ++++......              (no amulet)
HPRegen 0.00/turn               q - +6 ring of dexterity
MPRegen 0.15/turn               y - +4 ring of evasion

@: sick, wreathed by umbra, slow
A: very small, no large weapons, unfitting armour, see invisible, speed 3
a: Renounce Religion, Shadow Step


You were on level 1 of the Abyss.
You worshipped Dithmenos.
Dithmenos was greatly pleased with you.
You visited 1 branch of the dungeon, and saw 9 of its levels.
You visited the Abyss 1 time.

You collected 317 gold pieces.
You spent 285 gold pieces at shops.

Inventory:

Hand Weapons
 a - a +0 shortbow (weapon)
 L - a +1 arbalest
Missiles
 C - 2 throwing nets
Armour
 c - a +0 robe
 x - a +0 cloak (worn)
 B - a +1 robe of the Archmagi
 D - a +0 troll leather armour (worn)
Jewellery
 g - a ring of positive energy
 k - a ring of poison resistance
 n - a +6 ring of strength
 q - a +6 ring of dexterity (left hand)
 y - a +4 ring of evasion (right hand)
 F - a ring of magical power
Wands
 m - a wand of iceblast (17)
 A - a wand of polymorph (8)
 I - a wand of flame (22)
 M - a wand of paralysis (3)
 N - a wand of mindburst (8)
Scrolls
 b - a scroll of immolation
 d - 3 scrolls of identify
 f - 2 scrolls of summoning {unknown}
 h - 2 scrolls of enchant weapon
 l - 2 scrolls of noise
 o - 2 scrolls of enchant armour
 p - a scroll of amnesia {unknown}
 s - 2 scrolls of blinking {unknown}
 t - 3 scrolls of teleportation
 u - a scroll of poison {unknown}
 w - 2 scrolls of fear {unknown}
 G - a scroll of torment {unknown}
 K - a scroll of acquirement {unknown}
Potions
 e - 2 potions of brilliance
 i - 3 potions of curing
 j - 4 potions of mutation
 r - a potion of berserk rage
 v - a potion of cancellation
 z - a potion of invisibility
 E - 2 potions of flight
 H - 2 potions of haste
 J - a potion of resistance {unknown}


   Skills:
 - Level 1.5 Fighting
 * Level 13.1 Ranged Weapons
 - Level 6.0 Dodging
 - Level 9.8 Stealth
 + Level 7.4 Invocations


You had 9 spell levels left.
You didn't know any spells.
Your spell library contained the following spells:

 Spells                   Type           Power      Damage    Failure   Level
 Beastly Appendage        Tmut           0%         N/A       50%         1
 Wereblood                Tmut           0%         N/A       65%         2
 Spider Form              Tmut/Pois      0%         N/A       86%         3
 Stone Arrow              Conj/Erth      0%         3d7       86%         3
 Animate Armour           Summ/Erth      0%         N/A       99%         4
 Lehudib's Crystal Spear  Conj/Erth      0%         10d2      100%        8


Dungeon Overview and Level Annotations

Branches:
Dungeon (9/15)             Temple (0/1) D:6            Lair (0/5) D:8
    Orc: D:9-12

Altars:
Ashenzari
Dithmenos
Elyvilon
Kikubaaqudgha
The Shining One

Shops:
D:1 !   D:6 ?

Annotations:
D:8 1 runed translucent door, croobank's ghost, novice DsCj
D:9 Erolcha


Innate Abilities, Weirdness & Mutations

You are very small and have problems with some larger weapons.
You are too small for most types of armour.
You have supernaturally acute eyesight. (SInv)
You cover ground extremely quickly. (Speed+++)


Message History

The sixfirhy misses you. The sixfirhy barely misses you.
You shoot an arrow.
The arrow hits the sixfirhy but does no damage.
The sixfirhy is moderately wounded.
You shoot an arrow. The arrow misses the sixfirhy.
Your shadow shoots an arrow.
The arrow misses the sixfirhy.
You shoot an arrow.
The arrow hits the sixfirhy but does no damage.
The sixfirhy is moderately wounded.
The sixfirhy misses you. The sixfirhy completely misses you.
You shoot an arrow. The arrow hits the sixfirhy.
The sixfirhy is moderately wounded.
The sixfirhy hits you. The sixfirhy shocks you!
The sixfirhy closely misses you.
The sixfirhy splashes around in the water. x2
You are too injured to fight recklessly!
You feel better.
The sixfirhy splashes around in the water.
The sixfirhy barely misses you.
Fire: a) +0 shortbow
Press: ? - help, Q - select action, (/) - cycle Shift-Dir - straight line, f/p - sixfirhy
Aim: a sixfirhy (moderately wounded, umbra, 47% to hit)
You shoot an arrow. The arrow closely misses the sixfirhy.
Unknown command.
Fire: a) +0 shortbow
Press: ? - help, Q - select action, (/) - cycle Shift-Dir - straight line, f/p - sixfirhy
Aim: a sixfirhy (moderately wounded, umbra, 47% to hit)
You shoot an arrow. The arrow hits the sixfirhy.
The sixfirhy is heavily wounded.
Unknown command.
Fire: a) +0 shortbow
Press: ? - help, Q - select action, (/) - cycle Shift-Dir - straight line, f/p - sixfirhy
Aim: a sixfirhy (moderately wounded, umbra, 47% to hit)
You shoot an arrow. The arrow misses the sixfirhy.
The sixfirhy completely misses you. x2; The sixfirhy hits you!
The sixfirhy shocks you!
* * * LOW HITPOINT WARNING * * *
The sixfirhy completely misses you.
You feel better. The sixfirhy misses you. The sixfirhy hits you!
You die...

##. ## # .
....# ## #
#.~###.
.... .#..
#.#♣~~~..
..#. ..#
..~~~≈~~###
####. ### .
#.~~~~~♣#
.#.###..#
#...
#~~~~~# .
.... .. .
#. #≈~##
.... .#....
## .#3≈##
#.... . .
~~.##@## ..
....... .~
#~#.
....#..##
#.≈#.~#~
#.. ..#. #
.. #.≈≈~#≈≈
## .##~ # #
....~♣~## #
~ #.
#..#..###
## #....##
.#.## ####


You could see a sixfirhy.

Vanquished Creatures
  Pikel (D:5)
  An ancient zyme (Abyss:1)
  2 trolls
  A wyvern (D:8)
  Menkaure (D:6)
  2 steam dragons
  Edmund (D:5)
  2 vampire mosquitoes (D:6)
  3 wargs (D:8)
  An acid dragon (D:9)
  A water moccasin (D:8)
  2 orc warriors (D:8)
  3 ice beasts
  A black bear (D:5)
  A sky beast (D:6)
  4 centaurs
  2 lemures (D:5)
  5 bullfrogs
  Blork the orc (D:6)
  2 gnoll sergeants
  5 scorpions (D:5)
  12 wights
  11 killer bees
  4 howler monkeys
  3 hounds
  6 orc priests
  2 gnoll boudas
  2 jellies
  Ijyb (D:3)
  5 iguanas
  8 orc wizards
  15 gnolls
  3 adders
  A shadow imp (D:6)
  2 white imps (D:7)
  An ufetubus (D:5)
  A worm (D:3)
  52 orcs
  9 ball pythons
  6 endoplasms
  2 giant cockroaches (D:1)
  5 hobgoblins
  7 jackals
  4 quokkas
  4 bats
  3 frilled lizards
  2 goblins (D:4)
  6 kobolds
  3 rats
222 creatures vanquished.

Vanquished Creatures (others)
  An orc wizard (D:5)
  6 plants
7 creatures vanquished.

Grand Total: 229 creatures vanquished

Notes
Turn   | Place    | Note
-------+----------+-------------------------------------------
     0 | D:1      | LustLizard the Spriggan Hunter began the quest for the Orb.
     0 | D:1      | Reached XP level 1. HP: 10/10 MP: 2/2
    47 | D:1      | You fall into a shaft and drop 1 floor!
   512 | D:1      | Reached XP level 2. HP: 14/14 MP: 3/3
   742 | D:1      | Found Jacoon's Distillery.
   753 | D:1      | Bought a potion of heal wounds for 65 gold pieces
   949 | D:2      | Reached XP level 3. HP: 17/18 MP: 4/4
  1266 | D:3      | Reached skill level 5 in Ranged Weapons
  1352 | D:3      | Noticed Ijyb
  1362 | D:3      | Found an ancient bone altar of Kikubaaqudgha.
  1384 | D:3      | Found a shadowy altar of Dithmenos.
  1406 | D:3      | Became a worshipper of Dithmenos the Shadowed
  1425 | D:3      | Reached XP level 4. HP: 22/22 MP: 5/5
  2575 | D:3      | Reached XP level 5. HP: 10/25 MP: 6/6
  2865 | D:3      | Reached skill level 6 in Ranged Weapons
  3524 | D:4      | Reached skill level 5 in Stealth
  3873 | D:4      | Reached XP level 6. HP: 30/30 MP: 7/7
  3890 | D:4      | Reached * piety under Dithmenos
  4350 | D:4      | Found a white marble altar of Elyvilon.
  5001 | D:1      | Bought a potion of curing for 39 gold pieces
  5105 | D:5      | Entered Level 5 of the Dungeon
  5126 | D:5      | Noticed Edmund
  5144 | D:5      | Killed Edmund
  5145 | D:5      | Reached skill level 7 in Ranged Weapons
  5145 | D:5      | Reached XP level 7. HP: 33/33 MP: 8/8
  5235 | D:5      | Noticed Pikel
  5326 | D:5      | Killed Pikel
  5327 | D:5      | Reached skill level 8 in Ranged Weapons
  5514 | D:5      | Reached XP level 8. HP: 37/37 MP: 9/9
  5538 | D:5      | Reached skill level 9 in Ranged Weapons
  6573 | D:5      | Found a glowing golden altar of the Shining One.
  6655 | D:5      | Reached ** piety under Dithmenos
  6844 | D:6      | Found a staircase to the Ecumenical Temple.
  7111 | D:6      | Noticed Blork the orc
  7140 | D:5      | Reached skill level 10 in Ranged Weapons
  7140 | D:5      | Reached skill level 1 in Invocations
  7155 | D:6      | Killed Blork the orc
  7182 | D:6      | Found Yrezxos's Magic Scroll Boutique.
  7189 | D:6      | Bought a scroll of teleportation for 33 gold pieces
  7237 | D:6      | Reached XP level 9. HP: 29/41 MP: 11/11
  7618 | D:6      | Noticed Menkaure
  7623 | D:6      | Killed Menkaure
  7927 | D:3      | Killed Ijyb
  8144 | D:7      | Reached skill level 5 in Dodging
  8293 | D:7      | Reached *** piety under Dithmenos
  8298 | D:7      | Reached skill level 11 in Ranged Weapons
  8542 | D:7      | Reached skill level 5 in Invocations
  9356 | D:8      | Found a runed translucent door.
  9361 | D:8      | Noticed croobank's ghost (novice DsCj)
  9392 | D:8      | Reached XP level 10. HP: 46/46 MP: 15/15
  9685 | D:8      | Reached skill level 12 in Ranged Weapons
  9705 | D:8      | Found a staircase to the Lair.
  9874 | D:8      | Reached **** piety under Dithmenos
 10417 | D:6      | Bought a scroll of enchant armour for 82 gold pieces
 10421 | D:6      | Bought a scroll of identify for 22 gold pieces
 10421 | D:6      | Bought a scroll of identify for 22 gold pieces
 10421 | D:6      | Bought a scroll of identify for 22 gold pieces
 10515 | D:9      | Found a broken altar of Ashenzari.
 10704 | D:9      | Noticed Erolcha
 10879 | D:9      | Reached skill level 13 in Ranged Weapons
 10945 | Abyss:1  | Cast into level 1 of the Abyss (Erolcha)
 11027 | Abyss:1  | Noticed an apocalypse crab
 11046 | Abyss:1  | Noticed a tentacled starspawn
 11076 | Abyss:1  | Noticed a large abomination
 11093 | Abyss:1  | Noticed a bone dragon
 11109 | Abyss:1  | Noticed a large abomination
 11200 | Abyss:1  | Noticed a large abomination
 11233 | Abyss:1  | Noticed a lich
 11246 | Abyss:1  | Noticed a sixfirhy
 11264 | Abyss:1  | Slain by a sixfirhy

Illustrated notes

Levels and vault maps discovered:
D:1:      dpeg_arrival_circle_labyrinth_a, layout_basic, serial_bayou,
          serial_bayou_pond_a, serial_bayou_lake_a, serial_bayou_crossing,
          serial_bayou_lagoon_a, serial_bayou_pond_b, serial_bayou_ford_a,
          serial_shops, shop, patterned_corridor
D:2:      layout_rooms
D:3:      layout_loops_ring, mainiacjoe_overflow_large_starburst,
          serial_co_window_serial, co_window_corner_a, co_window_paths_a,
          co_window_of_opportunity_a, co_window_corner_a,
          co_window_of_opportunity_a, co_window_broadway_c, co_window_2corner,
          co_window_corner_ca, co_window_corner_b, co_window_4corner_b,
          uniq_ijyb
D:4:      layout_basic, elyvilon_altar_5
D:5:      minmay_octagon_keep, layout_cave_pools, nicolae_tso_carved_into_rock,
          hangedman_decor_slide_cut, uniq_edmund, uniq_pikel
D:6:      layout_rooms, minmay_temple_entry_statues_pillars, serial_shops,
          nicolae_shop_stone, chequers_serial_rivers_micro_c,
          minmay_misc_feat_enclosed, uniq_menkaure, uniq_blork_the_orc
D:7:      layout_cave_pods, glass_columns_b
D:8:      layout_basic, erik_lair_orcish_takeover, ebering_ghost_reflecting_pool
D:9:      minmay_weird_star, layout_basic, lemuel_doored_altar, orc_0_dummy,
          uniq_grum, uniq_erolcha
Abyss:1:  base: D:2, base: D:8, base: D:5, hangedman_decor_peaks_small,
          hangedman_decor_peaks_small, hangedman_abyss_shoalhut,
          hangedman_abyss_shoalhut, evilmike_abyss_exit_15

Skill      XL: |  1  2  3  4  5  6  7  8  9 10 |
---------------+-------------------------------+-----
Stealth        | 2 3 4 5 6 8 9 |  9.8
Ranged Weapons | 5 6 7 8 10 11 13 | 13.1
Dodging        | 3 6 |  6.0
Invocations    | 2 5 7 |  7.4
Fighting       | |  1.5

Action                   |  1- 3 |  4- 6 |  7- 9 | 10-12 || total
-------------------------+-------+-------+-------+-------++-------
 Fire: Shortbow          |   101 |   182 |   431 |   244 ||   958
       Arbalest          |       |       |       |     1 ||     1
  Use: Scroll            |     1 |       |       |     8 ||     9
       Potion            |       |       |     1 |     2 ||     3
Armor: Robe              |     2 |     3 |     9 |     1 ||    15
       Skin              |       |       |    12 |       ||    12
       Troll leather arm |       |       |       |     3 ||     3
Dodge: Dodged            |    44 |    37 |   232 |   103 ||   416
